Map: Tacit Sanctity LE

Players

Ocuburn

  • Race: Protoss Protoss
  • Spawn Location: 7:00

MrMaestro

  • Race: Zerg Zerg
  • Spawn Location: 9:00

Straylight

  • Race: Protoss Protoss
  • Spawn Location: 6:00

Wlodziu - Winner!

  • Race: Zerg Zerg
  • Spawn Location: 12:00

Iceberg - Winner!

  • Race: Protoss Protoss
  • Spawn Location: 3:00

Leon - Winner!

  • Race: Zerg Zerg
  • League: Gold
  • Spawn Location: 1:00

VOD

Have the link to the VOD?

Description

Time

  • Played on: March 21, 2026, 4:32 p.m.
  • Length: 14:23
Show
View Real Time Build Order
Export as new Build Order

Ocuburn Protoss 

Build Orders: 1 Gate Expand 

Get SALT Encoding   

  12  0:02  Probe  
  13  0:14  Probe  
  13  0:20  Pylon  
  14  0:26  Probe  
  15  0:38  Probe  
  15  0:42  Gateway  
  16  0:51  Probe  
  17  1:03  Probe  
  18  1:15  Nexus  
  18  1:27  Probe  
  18  1:31  Cybernetics Core  
  19  1:33  Assimilator  
  19  1:39  Assimilator  
  19  1:52  Gateway  
  19  1:57  Warp Gate  
  19  1:59  Probe  
  20  2:11  Probe  
  21  2:23  Probe  
  21  2:26  Pylon  
  21  2:31  Probe  
  21  2:35  Probe  
  21  2:36  Pylon  
  23  2:43  Probe  
  24  2:47  Probe  
  25  2:53  Gateway  
  25  2:55  Probe  
  26  3:00  Twilight Council  
  26  3:17  Charge, Probe  
  26  3:18  Probe  
  28  3:22  Shield Battery  
  28  3:29  Probe  
  28  3:30  Probe  
  30  3:35  Pylon  
  30  3:41  Probe  
  30  3:47  Gateway  
  31  3:48  Pylon  
  31  3:52  Probe  
  31  3:53  Probe  
  33  3:59  Forge  
  33  4:04  Probe  
  33  4:07  Zealot  
  36  4:11  Zealot  
  37  4:20  Probe x2  
  39  4:30  Zealot x2  
  41  4:32  Probe x2  
  43  4:44  Zealot  
  45  4:46  Zealot  
  47  4:54  Gateway  
  47  4:56  Gateway  
  45  5:00  Gateway  
  45  5:04  Zealot x2, Pylon  
  45  5:13  Zealot x2  
  41  5:25  Zealot x2  
  39  5:38  Stalker x2  
  41  5:49  Pylon  
  41  5:52  Shield Battery  
  41  5:53  Photon Cannon  
  41  5:56  Stalker x3  
  47  6:10  Stalker x3  
  49  6:25  Photon Cannon  
  49  6:26  Shield Battery  
  49  6:28  Pylon  
  49  6:34  Probe x2  
  49  6:37  Assimilator  
  51  6:40  Assimilator  
  51  6:43  Stalker  
  51  6:45  Stalker  
  51  6:46  Probe x2  
  57  6:58  Probe x2  
  59  7:02  Stalker x3  
  65  7:10  Probe  
  65  7:11  Probe  
  63  7:36  Stalker x3  
  63  7:37  Stalker x4  
  59  7:52  Protoss Ground Weapons Level 1  
  53  7:59  Stalker  
  53  8:00  Stalker x4  
  55  8:20  Stalker x2  
  55  8:23  Stalker  
  49  8:32  Stalker x3  
  49  8:33  Stalker  
  53  8:44  Blink  
  49  9:06  Forge  
  49  9:12  Forge  
  49  9:15  Pylon  
  49  9:18  Pylon  
  49  9:26  Gateway  
  49  9:28  Pylon  
  49  9:33  Nexus  
  49  9:34  Protoss Shields Level 1  
  49  9:35  Protoss Ground Armor Level 1, Pylon, Protoss Ground Weapons Level 2  
  49  9:37  Pylon  
  49  9:45  Assimilator  
  49  9:49  Assimilator  
  49  10:11  Gateway  
  49  10:13  Gateway  
  49  10:15  Probe x2, Pylon  
  49  10:18  Shield Battery  
  49  10:21  Shield Battery  
  51  10:24  Shield Battery  
  51  10:27  Probe x2  
  51  10:28  Photon Cannon  
  53  10:39  Probe x2  
  55  10:48  Stalker  
  55  10:49  Stalker  
  59  10:51  Probe x2  
  59  10:55  Probe  
  62  10:59  Photon Cannon  
  62  11:03  Probe  
  62  11:04  Probe  
  64  11:07  Probe  
  64  11:15  Probe  
  64  11:16  Probe  
  64  11:18  Stalker x4  
  70  11:19  Probe  
  75  11:40  Stalker x6  
  87  11:52  Probe x2  
  87  11:53  Probe  
  90  12:01  Stalker x4  
  98  12:08  Pylon  
  98  12:23  Stalker x6  
  98  12:24  Stalker  
  64  12:52  Stalker x8  
  77  13:15  Stalker x3  
  77  13:16  Stalker  
  85  13:24  Stalker x2  
Show
View Real Time Build Order
Export as new Build Order

MrMaestro Zerg 

Build Orders: Hatch First 

Get SALT Encoding   

  12  0:00  Drone  
  13  0:11  Drone  
  14  0:24  Overlord  
  14  0:43  Drone x3  
  17  0:57  Hatchery  
  16  1:01  Drone  
  17  1:11  Drone  
  17  1:17  Spawning Pool  
  17  1:19  Drone  
  17  1:20  Extractor  
  18  1:40  Drone x2  
  19  1:48  Drone  
  20  2:00  Overlord  
  20  2:04  Queen  
  22  2:09  Queen  
  24  2:19  Drone  
  25  2:25  Drone  
  25  2:26  Drone x2  
  28  2:54  Drone x2, Zergling x4  
  28  2:55  Zergling x2  
  33  3:13  Spine Crawler  
  32  3:26  Drone x4  
  36  3:27  Spine Crawler, Drone  
  36  3:28  Overlord x3  
  36  3:50  Evolution Chamber, Extractor  
  36  3:52  Drone  
  36  3:53  Drone x4  
  39  4:03  Spine Crawler  
  39  4:06  Zergling x2  
  39  4:07  Zergling x6  
  42  4:22  Zergling x2  
  42  4:23  Spine Crawler, Zergling x10  
  47  4:27  Metabolic Boost  
  47  4:30  Zerg Ground Armor Level 1  
  47  4:34  Baneling Nest  
  47  4:36  Drone x2  
  48  4:39  Drone  
  49  4:46  Lair  
  49  4:47  Drone  
  49  4:48  Overlord  
  49  4:49  Drone x2  
  39  5:26  Zergling x2  
  39  5:27  Zergling x18  
  47  5:41  Spine Crawler  
  46  5:43  Zergling x2  
  46  5:44  Spine Crawler  
  46  5:47  Spine Crawler  
  46  5:49  Zergling x2  
  45  5:50  Zergling x6  
  45  5:53  Queen  
  41  6:03  Spine Crawler x2  
  38  6:06  Spine Crawler  
  38  6:07  Zergling x4  
  38  6:08  Zergling x8  
  43  6:17  Drone x2  
  45  6:36  Drone x2  
  43  6:48  Drone x5  
  48  7:00  Queen  
  50  7:07  Hydralisk Den  
  49  7:12  Centrifugal Hooks  
  49  7:28  Zergling x14  
  49  7:29  Zergling x2  
  51  7:46  Extractor  
  51  7:51  Spore Crawler  
  49  7:52  Spore Crawler  
  49  7:54  Hydralisk x8  
  64  8:00  Extractor  
  63  8:23  Grooved Spines  
  59  8:32  Zergling x16  
  53  8:50  Hydralisk  
  53  8:51  Hydralisk x8  
  67  9:14  Muscular Augments  
  63  9:43  Hydralisk x2  
  63  9:45  Overlord x3  
  67  9:54  Hatchery  
  67  9:57  Zerg Missile Weapons Level 1  
  66  10:01  Evolution Chamber, Spore Crawler  
  66  10:02  Drone  
  66  10:03  Spore Crawler, Drone x6  
  70  10:27  Spore Crawler, Drone  
  70  10:28  Drone x5  
  75  10:30  Spore Crawler, Overlord  
  75  10:31  Overlord x2  
  74  10:37  Zerg Ground Armor Level 2  
  74  11:15  Hydralisk x3  
  74  11:16  Hydralisk x6  
  92  11:21  Drone x2  
  94  11:32  Hatchery  
  93  11:38  Hydralisk x3  
  92  12:06  Zergling x2  
  92  12:07  Zergling x22  
  90  12:13  Hydralisk  
  80  12:25  Hatchery  
  38  13:17  Hydralisk x3  
  37  13:27  Hydralisk  
  39  13:43  Hydralisk  
  39  13:44  Hydralisk x3  
Show
View Real Time Build Order
Export as new Build Order

Straylight Protoss 

Build Orders: 1 Gate Expand 

Get SALT Encoding   

  12  0:01  Probe  
  13  0:13  Probe  
  14  0:23  Pylon  
  14  0:25  Probe  
  15  0:41  Probe  
  16  0:43  Gateway  
  16  0:53  Probe  
  17  1:15  Nexus  
  17  1:27  Probe  
  17  1:31  Zealot  
  20  1:37  Cybernetics Core  
  20  1:39  Assimilator  
  20  1:42  Probe  
  21  2:03  Zealot  
  23  2:12  Pylon  
  23  2:18  Gateway  
  23  2:21  Gateway  
  23  2:26  Probe  
  24  2:30  Probe  
  24  2:32  Assimilator  
  25  2:39  Probe  
  25  2:43  Probe  
  27  2:47  Warp Gate  
  27  2:51  Probe  
  28  2:55  Probe  
  27  3:03  Probe  
  28  3:07  Probe  
  28  3:11  Zealot x3  
  35  3:15  Probe  
  35  3:19  Probe  
  37  3:27  Probe  
  37  3:31  Probe  
  37  3:38  Adept, Sentry, Zealot  
  37  3:39  Probe  
  44  3:43  Probe  
  44  3:44  Pylon  
  45  3:50  Pylon  
  45  4:07  Pylon  
  45  4:11  Probe x2  
  45  4:13  Zealot x3  
  47  4:23  Probe x2  
  49  4:24  Robotics Facility  
  49  4:38  Robotics Facility  
  49  4:46  Probe x2  
  49  4:49  Pylon  
  49  4:52  Forge, Twilight Council  
  51  4:54  Pylon  
  51  4:59  Immortal  
  45  5:08  Zealot  
  45  5:09  Zealot x2  
  49  5:16  Immortal  
  49  5:24  Probe x2  
  48  5:31  Zealot, Sentry  
  48  5:32  Sentry  
  54  5:48  Immortal  
  56  5:54  Zealot  
  58  6:02  Immortal  
  62  6:19  Zealot  
  62  6:20  Zealot x2  
  62  6:24  Immortal  
  68  6:27  Probe x2  
  70  6:39  Nexus  
  74  6:41  Pylon  
  74  6:44  Pylon  
  78  6:47  Immortal  
  78  6:51  Assimilator  
  78  6:53  Assimilator  
  78  6:54  Probe x2  
  80  7:06  Protoss Ground Weapons Level 1  
  80  7:14  Probe x2  
  62  7:39  Zealot x3  
  62  7:42  Immortal x2  
  62  7:44  Photon Cannon  
  76  7:48  Photon Cannon  
  63  8:06  Zealot x3  
  63  8:22  Immortal x2  
  69  8:31  Gateway  
  65  8:35  Gateway  
  65  8:36  Gateway  
  65  8:40  Gateway  
  65  8:46  Protoss Ground Weapons Level 2  
  61  9:04  Observer x2  
  63  9:10  Zealot  
  63  9:11  Zealot x2, Nexus  
  63  9:12  Pylon  
  63  9:15  Pylon  
  69  9:25  Nexus  
  69  9:29  Pylon  
  69  9:32  Forge, Pylon  
  69  9:46  Sentry  
  69  9:47  Sentry, Zealot  
  69  9:48  Zealot x4  
  83  9:55  Photon Cannon  
  83  9:56  Protoss Ground Armor Level 1  
  83  9:57  Photon Cannon  
  83  10:03  Probe x2  
  85  10:10  Templar Archives  
  85  10:11  Observer x2  
  87  10:15  Probe  
  88  10:21  Zealot  
  88  10:22  Zealot  
  92  10:28  Photon Cannon  
  92  10:32  Probe x3  
  95  10:38  Probe  
  96  10:44  Probe  
  96  10:50  High Templar x2  
  96  10:51  Zealot x2  
  96  10:55  High Templar  
  106  10:57  High Templar  
  106  10:58  Archon  
  106  11:01  Assimilator  
  106  11:03  Probe x3  
  111  11:04  Assimilator  
  111  11:15  Archon  
  109  11:24  Stalker  
  109  11:25  Stalker x3  
  112  11:40  Probe x4  
  112  11:42  Assimilator  
  112  11:46  Pylon  
  116  11:48  Assimilator  
  116  11:50  Pylon  
  116  11:52  Probe  
  117  12:05  Probe x4  
  121  12:11  High Templar x2  
  125  12:17  Probe  
  124  12:25  High Templar  
  124  12:27  Archon  
  72  12:44  Zealot  
  72  12:45  Zealot x5  
  72  12:49  Observer  
  72  12:50  Observer  
  86  13:02  Zealot  
  84  13:21  High Templar, Zealot  
  84  13:22  Zealot x4  
  84  13:25  Probe x3  
  84  13:26  Probe  
  91  13:36  Archon  
  91  13:37  High Templar, Probe x3  
  91  13:38  Probe  
  97  13:41  High Templar  
  97  13:43  Stalker x2  
  97  13:44  Stalker x2  
  97  13:46  Archon  
Show
View Real Time Build Order
Export as new Build Order

Wlodziu Zerg - Winner!

Build Orders: Pool First 

Get SALT Encoding   

  12  0:00  Drone  
  13  0:07  Drone  
  13  0:12  Extractor  
  13  0:16  Drone  
  15  0:22  Overlord  
  15  0:49  Drone  
  16  0:56  Drone  
  17  0:58  Extractor  
  16  1:09  Spawning Pool  
  15  1:12  Drone  
  15  1:14  Hatchery  
  15  1:29  Drone  
  15  1:31  Drone x2  
  18  1:51  Drone  
  18  1:52  Overlord  
  19  2:01  Queen, Roach Warren  
  21  2:06  Drone  
  21  2:25  Queen  
  21  2:27  Drone  
  21  2:29  Drone x2  
  26  2:38  Extractor  
  26  2:39  Drone  
  26  2:42  Drone  
  27  2:49  Drone  
  28  2:52  Overlord  
  28  3:02  Roach x2  
  32  3:14  Roach  
  32  3:15  Roach x4  
  42  3:22  Overlord  
  42  3:35  Overlord x2  
  42  3:43  Roach x2  
  46  4:03  Roach  
  46  4:04  Roach x4  
  56  4:25  Lair  
  56  4:27  Overlord x2  
  56  4:34  Ravager x2  
  56  4:36  Ravager  
  59  4:49  Extractor  
  58  5:28  Ravager  
  57  5:35  Roach x9  
  60  6:07  Roach  
  60  6:08  Roach x6  
  59  6:28  Glial Reconstitution  
  59  6:32  Drone x3  
  62  6:44  Ravager x2  
  64  7:08  Hydralisk Den  
  64  7:12  Evolution Chamber x2  
  64  7:14  Drone  
  64  7:15  Drone x9  
  71  7:40  Roach  
  71  7:41  Roach x5  
  71  7:43  Overlord  
  43  8:41  Overlord  
  43  8:47  Extractor  
  43  8:48  Hydralisk x6  
  42  8:49  Hydralisk x3  
  42  8:53  Muscular Augments  
  60  8:58  Zerg Missile Weapons Level 1  
  60  9:03  Zerg Ground Armor Level 1  
  61  9:24  Drone x4  
  61  9:25  Drone x6  
  70  9:40  Hatchery  
  69  9:54  Overseer x2  
  69  10:00  Pneumatized Carapace  
  69  10:03  Grooved Spines  
  69  10:07  Drone x3  
  69  10:08  Drone x4  
  76  10:20  Hydralisk  
  76  10:21  Hydralisk x3  
  84  10:29  Queen  
  86  10:41  Drone  
  86  10:42  Drone x2  
  89  10:48  Extractor  
  88  10:50  Extractor  
  87  10:59  Spore Crawler  
  87  11:01  Spine Crawler  
  85  11:05  Spine Crawler  
  85  11:07  Spore Crawler  
  83  11:18  Hydralisk x3  
  83  11:19  Hydralisk x7  
  103  11:32  Zerg Missile Weapons Level 2  
  103  11:35  Hydralisk Den  
  98  12:05  Hydralisk x6  
  98  12:06  Hydralisk  
  62  12:48  Hydralisk  
  62  12:49  Hydralisk x6  
  72  13:26  Infestation Pit  
  71  13:39  Hatchery  
  70  13:44  Hydralisk x2  
  70  13:45  Hydralisk  
  70  13:46  Evolution Chamber  
  75  13:48  Spine Crawler  
  75  13:49  Overlord x3  
  75  13:50  Spine Crawler x2  
  75  13:52  Hatchery  
Show
View Real Time Build Order
Export as new Build Order

Iceberg Protoss - Winner!

Build Orders:  

Get SALT Encoding   

  12  0:00  Probe  
  13  0:12  Probe  
  14  0:24  Probe  
  14  0:27  Pylon  
  15  0:43  Probe  
  16  0:51  Probe  
  17  0:59  Probe  
  18  1:09  Nexus  
  18  1:11  Probe  
  19  1:22  Probe  
  20  1:30  Probe  
  21  1:43  Probe  
  22  1:51  Nexus  
  22  1:52  Gateway  
  22  1:56  Probe  
  23  2:03  Pylon  
  23  2:07  Assimilator  
  23  2:11  Assimilator  
  23  2:15  Assimilator  
  23  2:18  Probe  
  23  2:21  Probe  
  25  2:26  Probe  
  25  2:36  Probe  
  26  2:44  Probe, Cybernetics Core  
  28  2:48  Probe  
  29  2:53  Assimilator  
  29  2:56  Probe  
  30  3:00  Probe  
  30  3:04  Probe  
  32  3:08  Probe  
  32  3:12  Probe x2  
  35  3:20  Probe x2  
  35  3:22  Assimilator  
  35  3:24  Assimilator, Probe  
  38  3:27  Stargate  
  38  3:30  Stargate  
  38  3:38  Probe  
  38  3:39  Probe  
  38  3:41  Probe  
  41  3:50  Protoss Air Weapons Level 1  
  41  3:58  Probe  
  41  3:59  Probe x2  
  44  4:11  Probe x3  
  47  4:22  Void Ray  
  47  4:23  Void Ray, Probe  
  56  4:28  Pylon  
  56  4:32  Pylon  
  56  4:35  Pylon  
  56  4:38  Probe  
  57  4:39  Probe  
  57  4:40  Fleet Beacon, Probe  
  59  4:50  Probe  
  59  4:51  Probe  
  61  4:53  Probe  
  62  5:00  Pylon  
  62  5:07  Stargate  
  62  5:08  Flux Vanes  
  62  5:09  Stargate  
  62  5:21  Cybernetics Core  
  62  5:24  Forge  
  62  5:26  Probe  
  62  5:27  Probe x2  
  73  5:36  Void Ray  
  73  5:38  Probe, Void Ray  
  73  5:39  Probe  
  75  5:44  Twilight Council  
  75  5:48  Protoss Air Armor Level 1  
  75  5:50  Pylon  
  75  5:51  Pylon  
  75  5:52  Pylon  
  79  6:00  Void Ray  
  79  6:02  Probe x3  
  86  6:05  Void Ray  
  86  6:12  Protoss Shields Level 1  
  86  6:24  Protoss Air Weapons Level 2  
  90  6:45  Void Ray  
  90  6:50  Nexus  
  90  6:53  Void Ray  
  98  7:04  Void Ray  
  98  7:05  Assimilator  
  98  7:09  Assimilator  
  98  7:11  Pylon  
  98  7:13  Pylon  
  102  7:16  Void Ray  
  102  7:18  Pylon  
  102  7:20  Pylon  
  110  7:46  Void Ray  
  110  7:47  Void Ray  
  118  8:09  Void Ray  
  118  8:10  Void Ray  
  114  8:29  Void Ray  
  114  8:30  Void Ray  
  106  8:52  Void Ray  
  106  8:53  Void Ray, Stargate  
  102  8:58  Probe  
  107  9:11  Probe  
  107  9:12  Void Ray  
  108  9:19  Stargate  
  108  9:23  Probe  
  113  9:27  Void Ray  
  113  9:31  Probe x3  
  115  9:35  Probe  
  117  9:43  Probe x2  
  127  9:49  Void Ray x2  
  131  9:52  Protoss Shields Level 2  
  131  9:53  Void Ray  
  131  9:59  Pylon x2  
  131  10:01  Pylon x2  
  131  10:02  Pylon  
  131  10:03  Pylon  
  131  10:05  Pylon  
  131  10:07  Pylon  
  131  10:09  Pylon  
  131  10:10  Protoss Air Weapons Level 3, Pylon  
  131  10:12  Pylon  
  131  10:13  Protoss Air Armor Level 2  
  131  10:17  Pylon  
  131  10:18  Nexus  
  135  10:22  Assimilator  
  135  10:26  Void Ray, Assimilator  
  135  10:27  Void Ray  
  139  10:28  Pylon  
  139  10:32  Pylon  
  139  10:34  Pylon  
  139  10:42  Probe x3  
  150  11:04  Void Ray  
  150  11:06  Void Ray  
  154  11:16  Void Ray  
  154  11:17  Void Ray  
  162  11:30  Void Ray  
  162  11:31  Void Ray  
  174  11:47  Void Ray  
  174  11:50  Void Ray  
  178  11:59  Void Ray  
  178  12:00  Void Ray  
  186  12:13  Void Ray  
  186  12:14  Void Ray  
  198  12:45  Void Ray x2  
  198  12:46  Void Ray  
  194  13:22  Void Ray x2  
  182  13:40  Void Ray x2  
  182  13:41  Void Ray  
Show
View Real Time Build Order
Export as new Build Order

Leon Zerg - Winner!

Build Orders: Pool First 

Get SALT Encoding   

  12  0:02  Drone  
  13  0:21  Overlord  
  13  0:24  Drone  
  14  0:39  Drone x2  
  16  0:46  Spawning Pool  
  15  0:56  Drone  
  16  0:57  Drone  
  17  1:16  Hatchery  
  16  1:30  Drone  
  17  1:33  Zergling x4  
  17  1:37  Extractor  
  18  1:41  Drone  
  19  1:53  Zergling x2  
  20  2:03  Overlord  
  21  2:15  Drone  
  21  2:28  Queen  
  21  2:29  Queen  
  25  2:33  Zergling x4  
  27  2:42  Metabolic Boost  
  27  2:45  Zergling x4  
  27  2:49  Zergling x2  
  30  2:52  Zergling x2  
  30  3:03  Zergling x4  
  32  3:16  Zergling x2  
  32  3:17  Zergling x2  
  33  3:31  Overlord  
  33  3:37  Zergling x6  
  36  3:50  Zergling x4  
  36  3:51  Zergling x12  
  44  3:58  Overlord  
  42  4:11  Zergling x4  
  43  4:27  Zergling x14  
  49  4:38  Overlord x2  
  49  4:45  Drone  
  50  4:49  Drone  
  51  5:00  Zergling x4  
  40  5:07  Zergling x2  
  40  5:08  Zergling x10  
  39  5:20  Zergling x2  
  39  5:21  Zergling x2  
  37  5:25  Zergling x2  
  35  5:33  Zergling x2  
  36  5:37  Zergling x4  
  38  5:44  Zergling x2  
  33  5:57  Zergling x2  
  33  5:58  Zergling x12  
  36  6:18  Drone  
  36  6:19  Drone x3  
  40  6:57  Extractor  
  40  6:58  Lair  
  40  6:59  Drone  
  40  7:00  Drone x11  
  51  7:07  Extractor  
  41  7:31  Drone  
  41  7:32  Drone x7  
  47  7:50  Extractor  
  46  8:04  Spire  
  45  8:14  Hatchery  
  43  8:58  Spore Crawler  
  42  9:10  Mutalisk x10, Spore Crawler  
  42  9:12  Mutalisk  
  63  9:25  Queen  
  63  9:27  Drone x9  
  63  9:29  Overlord x3  
  74  9:39  Overlord  
  74  9:41  Overseer  
  74  9:43  Pneumatized Carapace  
  74  9:56  Drone x4, Extractor  
  77  10:01  Mutalisk  
  77  10:02  Mutalisk x3  
  85  10:08  Hatchery  
  85  10:10  Extractor  
  83  10:16  Mutalisk  
  85  10:49  Drone  
  86  10:50  Drone x3  
  86  10:53  Spire  
  86  10:54  Spire  
  87  11:05  Drone x2, Unknown  
  87  11:06  Drone x9  
  95  11:41  Queen  
  95  11:43  Drone x2  
  95  11:44  Drone x8  
  107  11:50  Mutalisk x2  
  111  11:56  Overlord x5  
  111  12:01  Zerg Flyer Armor Level 1, Zerg Flyer Weapons Level 1  
  111  12:07  Overlord x3  
  111  12:08  Overlord  
  111  12:23  Mutalisk x10  
  131  12:39  Mutalisk  
  131  12:40  Mutalisk x6  
  131  13:00  Mutalisk  
  131  13:01  Mutalisk x3  
  139  13:24  Mutalisk  
  139  13:25  Mutalisk x4  
  149  13:45  Overlord  
  149  13:46  Overlord x3  
Tags
 
Add a new tag
Caveats
  • Supply blocks, unpowered buildings, or Contaminate may cause inaccurate times.
  • Supply counts are checked every 10 seconds.